AoeStats
← konif

MegaRandom

507355251Analyzed
4v4 RM · 14d ago on Sep 17, 2026· 55m 18s· 8 players
Game mode
Random Map
Map size
Large (8 player)
Population
200
Speed
Normal
Resources
Standard
Victory
Conquest
Starting age
Dark Age
Ending age
Imperial Age
RankedLock teamsTeams togetherTeam positionsShared explorationLock speedFull tech treeHidden civsTurbo modeCheats
Victory
Defeat
🇲🇽 Persians · Mexico
1028
+14
🇯🇵 Magyars · Japan
1027
+14
🇮🇹 Tatars · Italy
977
+16
🇩🇪 Turks · Germany
967
+18
🇫🇷 Britons · France
994
-16
🇪🇸 Persians · Spain
992
-15
🇪🇸 Britons · Spain
990
-16
🇹🇷 Ethiopians · Türkiye
983
-15
Nicolass
10:37 Feudal Age
16:35 Castle Age
16:07 Loom
24:26 Light Cavalry
25:31 Gold Mining
26:47 Scale Barding Armor
30:23 Forging
35:27 Iron Casting
35:55 Fletching
35:50 Pikeman
36:41 Scale Mail Armor
39:02 Chain Barding Armor
38:40 Bodkin Arrow
39:39 Padded Archer Armor
41:19 Chain Mail Armor
45:09 Imperial Age
48:46 Imperial Age
EL CID
7:58 Loom
11:15 Feudal Age
16:18 Forging
20:59 Castle Age
19:46 Bloodlines
19:43 Double-Bit Axe
20:57 Scale Barding Armor
25:32 Chain Barding Armor
e4gl3
0:30 Loom
9:30 Feudal Age
10:50 Double-Bit Axe
16:14 Horse Collar
21:34 Castle Age
20:29 Stone Mining
25:17 Heavy Plow
25:53 Gold Mining
30:46 Squires
34:23 Scale Mail Armor
34:34 Forging
41:31 Crossbowman
44:37 Padded Archer Armor
44:56 Chain Mail Armor
45:19 Iron Casting
47:01 Thumb Ring
50:39 Imperial Age
48:14 Fletching
48:33 Arson
49:46 Leather Archer Armor
49:42 Bodkin Arrow
51:16 Bow Saw
51:16 Halberdier
51:21 Arbalester
konif
0:49 Loom
12:32 Feudal Age
13:40 Horse Collar
13:48 Town Watch
16:51 Castle Age
14:44 Double-Bit Axe
15:52 Gold Mining
16:02 Stone Mining
17:35 Wheelbarrow
17:57 Town Patrol
18:10 Bow Saw
18:33 Heavy Plow
19:20 Fletching
25:38 Bodkin Arrow
27:15 Ballistics
27:34 Padded Archer Armor
27:19 Treadmill Crane
28:53 Leather Archer Armor
29:53 Hand Cart
29:46 Crossbowman
30:32 Squires
31:47 Gold Shaft Mining
33:05 Arson
36:03 Imperial Age
34:32 Masonry
33:53 Pikeman
34:44 Forging
37:28 Bracer
37:59 Ring Archer Armor
38:32 Chemistry
38:15 Warwolf
38:41 Conscription
37:55 Sappers
38:25 Murder Holes
41:30 Two-Man Saw
40:16 Arbalester
40:31 Capped Ram
42:55 Yeomen
42:49 Elite Longbowman
45:06 Halberdier
46:22 Iron Casting
45:48 Scale Mail Armor
48:29 Blast Furnace
48:25 Chain Mail Armor
51:58 Plate Mail Armor
53:33 Hoardings
bubububu34bu
0:43 Loom
10:56 Feudal Age
17:50 Castle Age
17:21 Bloodlines
19:19 Town Watch
20:22 Horse Collar
23:14 Scale Barding Armor
24:42 Chain Barding Armor
26:05 Forging
41:29 Imperial Age
40:31 Husbandry
43:19 Iron Casting
44:32 Double-Bit Axe
46:53 Fletching
47:40 Plate Barding Armor
46:59 Capped Ram
48:44 Bodkin Arrow
mncrl
5:18 Loom
10:39 Feudal Age
14:33 Castle Age
18:48 Fletching
19:09 Scale Barding Armor
28:17 Town Watch
29:18 Gold Mining
29:18 Double-Bit Axe
29:15 Horse Collar
30:20 Chain Barding Armor
30:15 Forging
34:20 Iron Casting
35:01 Wheelbarrow
34:19 Fletching
41:41 Hand Cart
48:57 Imperial Age
47:15 Ballistics
46:59 Murder Holes
47:02 Bodkin Arrow
49:12 Bow Saw
50:59 Plate Barding Armor
51:24 Blast Furnace
52:17 Chemistry
52:36 Gold Shaft Mining
52:12 Elite Keshik
52:51 Heavy Scorpion
[ Wildpigs ] RonRon
6:27 Loom
9:38 Feudal Age
13:19 Bloodlines
19:53 Castle Age
19:45 Scale Barding Armor
19:51 Forging
21:00 Chain Barding Armor
23:29 Wheelbarrow
22:39 Town Watch
28:45 Hand Cart
28:16 Town Watch
36:56 Imperial Age
34:13 Horse Collar
37:11 Iron Casting
36:36 Cavalier
37:53 Plate Barding Armor
38:36 Ballistics
39:16 Chemistry
40:00 Blast Furnace
40:12 Heavy Scorpion
48:53 Savar
LWwcnm
10:53 Feudal Age
15:38 Horse Collar
16:19 Bloodlines
23:38 Castle Age
21:51 Double-Bit Axe
23:07 Gold Mining
23:34 Stone Mining
28:08 Loom
29:39 Pikeman
36:37 Wheelbarrow
35:44 Light Cavalry
38:56 Hand Cart
42:50 Scale Barding Armor
49:00 Gold Shaft Mining
50:11 Husbandry
51:57 Town Watch
55:28 Imperial Age
55:36 Fletching
55:47 Padded Archer Armor
Connection lost

Rejoining the realm…

Still unreachable

The connection could not be restored.

Session expired

The server has moved on; the page needs a fresh start.